 Dungeon Crawl Stone Soup version 0.25-a0-857-g60a0bcd8b5 (webtiles) character file.

Game seed: 10330510819333550094, levelgen mode: deterministic

30 Flugkiller the Skirmisher (level 3, 0/39 HPs)
             Began as an Ogre Skald on Apr 26, 2020.
             Killed from afar by Sigmund (8 damage)
             ... with a magic dart
             ... on level 2 of the Dungeon.
             The game lasted 00:03:05 (1345 turns).

Flugkiller the Skirmisher (Ogre Skald)              Turns: 1345, Time: 00:03:06

Health: 0/39       AC:  3    Str: 15    XL:     3   Next: 18%
Magic:  7/7        EV: 10    Int: 14    God:
Gold:   59         SH:  0    Dex:  9    Spells: 4/7 levels left

rFire    . . .     SeeInvis .   a - +0 mace
rCold    . . .     Gourm    .   (no shield)
rNeg     . . .     Faith    .   b - +0 robe
rPois    .         Spirit   .   (helmet restricted)
rElec    .         Reflect  .   (no cloak)
rCorr    .         Harm     .   (gloves unavailable)
MR       .....                  (boots unavailable)
Stlth    +.........             (no amulet)
HPRegen  0.13/turn              (no ring)
MPRegen  0.10/turn              (no ring)

@: flying
A: large, unfitting armour, tough skin 1
a: no special abilities


You were on level 2 of the Dungeon.
You were not hungry.

You visited 1 branch of the dungeon, and saw 2 of its levels.

You collected 59 gold pieces.

Inventory:

Hand Weapons
 a - a +0 mace (weapon)
Missiles
 e - 12 poisoned darts (quivered)
Armour
 b - a +0 robe (worn)
Jewellery
 c - an uncursed amulet of guardian spirit {unknown}
   (You found it on level 1 of the Dungeon)
 h - an uncursed ring of resist corrosion {unknown}
   (You found it on level 1 of the Dungeon)
 n - an uncursed ring of protection from magic {unknown}
   (You found it on level 2 of the Dungeon)
Scrolls
 g - 2 scrolls of remove curse {unknown}
 i - 2 scrolls of teleportation {unknown}
 l - a scroll of amnesia {unknown}
 m - 2 scrolls of identify {unknown}
 o - a scroll of immolation {unknown}
Potions
 f - a potion of degeneration {unknown}
 k - a potion of curing {unknown}
Comestibles
 d - 2 rations


   Skills:
 + Level 4.0 Fighting
 - Level 1.7 Maces & Flails
 - Level 2.1 Dodging
 + Level 2.8 Spellcasting
 + Level 3.0 Charms


You had 4 spell levels left.
You knew the following spells:

 Your Spells              Type           Power        Failure   Level  Hunger
a - Infusion              Chrm           ##..         6%          1    #......
b - Shroud of Golubria    Chrm/Tloc      #.....       19%         2    ###....

Your spell library contained the following spells:

 Spells                   Type           Power        Failure   Level  Hunger
 Song of Slaying          Chrm           ##......     10%         2    ###....
 Ozocubu's Armour         Chrm/Ice       #.......     34%         3    ###....
 Spectral Weapon          Hex/Chrm       #.......     34%         3    ###....


Dungeon Overview and Level Annotations

Branches:
Dungeon (2/15)

Altars:

Annotations:
D:2 Sigmund


Innate Abilities, Weirdness & Mutations

You are too large for most types of armour.
You have tough skin. (AC +1)


Message History

Found a scroll labeled ZIANUX PAT.
You see here a frilled lizard corpse.
You butcher the frilled lizard corpse.
n - a chunk of flesh You see here a frilled lizard skeleton.
A rat comes into view.
A rat is nearby!
A rat is nearby!
Your magical infusion is running out.
You hit the rat!
You kill the rat!
Your Charms skill increases to level 3!
You are no longer magically infusing your attacks.
d - 2 rations (gained 1)
o - a scroll labeled ZIANUX PAT Magic restored.
Eating a chunk of flesh.
You eat the chunk of flesh.
This raw flesh tastes terrible.
Found a notched sapphire ring.
n - a notched sapphire ring Sigmund the Dreaded comes into view.
He is wielding a +3 scythe of flaming.
Sigmund shouts!
Sigmund giggles. "Time to reap what you sow."
Sigmund casts a spell at you.
You are confused.
Okay, then.
You're too confused!
Unknown command.
Unknown command.
You bump into the rock wall.
Sigmund barely misses you.
Unknown command.
You bump into the rock wall.
Unknown command.
You bump into the rock wall.
Sigmund hits you from afar with a +3 scythe of flaming!
Sigmund burns you.
Unknown command.
You bump into the rock wall.
Sigmund hits you from afar with a +3 scythe of flaming!
* * * LOW HITPOINT WARNING * * *
Sigmund burns you.
* * * LOW HITPOINT WARNING * * *
Unknown command.
It was a potion of flight.
You feel very buoyant.
You fly up into the air.
You feel less confused. Sigmund gestures at you while chanting.
The magic dart hits you!
You die...

#.#.# #.#.. #.# #
#.#.# ########.#.#
#.#.# .......<.#.#
#@#.# #######..#.#
#.#.# #..#.# #.#.#
#.>#.#
######.#.###########
#..#.#
............@@.....#
#..#.#
######...#########.#
#..... ##### #.#
#.##.# #.# #.##.#
#.# #.##.# #.#
#.##.# #.######.##.#
#........##.#
###########.#


You could see Sigmund.

Vanquished Creatures
  A leopard gecko (D:1)
  2 giant cockroaches (D:1)
  6 goblins (D:1)
  5 hobgoblins (D:1)
  5 bats (D:1)
  A frilled lizard (D:2)
  A kobold (D:1)
  6 rats
27 creatures vanquished.

Notes
Turn   | Place    | Note
-------+----------+-------------------------------------------
     0 | D:1      | Flugkiller the Ogre Skald began the quest for the Orb.
     0 | D:1      | Reached XP level 1. HP: 22/22 MP: 3/3
    41 | D:1      | Reached skill level 3 in Fighting
    95 | D:1      | Reached XP level 2. HP: 26/31 MP: 1/5
   140 | D:1      | Learned a level 2 spell: Shroud of Golubria
   994 | D:1      | Reached XP level 3. HP: 39/39 MP: 7/7
  1008 | D:1      | Reached skill level 4 in Fighting
  1330 | D:2      | Noticed Sigmund
  1345 | D:2      | Killed from afar by Sigmund

Levels and vault maps discovered:
D:1:      roderic_dead_forest, layout_loops_ring, serial_bayou,
          serial_bayou_shore_b, serial_bayou_pond_e, serial_bayou_ford_a,
          serial_bayou_shore_b, minivault_4
D:2:      layout_basic, nicolae_overflow_hidden_temple, bloody_makhleb,
          uniq_terence, uniq_sigmund, uniq_natasha

Skill      XL: |  1  2  3 |
---------------+----------+-----
Fighting       | 3 4 |  4.0
Charms         | 3 |  3.0
Maces & Flails | |  1.7
Dodging        | |  2.1
Spellcasting   | |  2.8

Action                   || total
-------------------------++-------
Melee: Mace              ||    67
 Cast: Infusion          ||    13
  Use: Potion            ||     1
  Eat: Chunk             ||     2
Armor: Robe              ||    25
Dodge: Dodged            ||    45

Table legend:
 A = Non-vault XP
 B = Vault XP
 C = Vault XP percentage of total XP
 D = Non-vault monster count
 E = Vault monster count
 F = Vault count percentage of total count
                 A         B        C        D         E       F
            +---------+---------+-------+---------+---------+-------
      Total |      43 |       0 |   0.0 |      27 |       0 |   0.0
            +---------+---------+-------+---------+---------+-------
        D:1 |      41 |       0 |   0.0 |      25 |       0 |   0.0
        D:2 |       2 |       0 |   0.0 |       2 |       0 |   0.0
            +---------+---------+-------+---------+---------+-------
